 Dungeon Crawl Stone Soup version 0.21.1-1-g345015f (webtiles) character file.

31 lotte the Firebug (level 3, 0/19 HPs)
             Began as a Deep Elf Fire Elementalist on July 1, 2018.
             Slain by a crimson imp
             ... wielding a +0 club
              (1 damage)
             ... on level 2 of the Dungeon.
             The game lasted 00:05:00 (1152 turns).

lotte the Firebug (Deep Elf Fire Elementalist)      Turns: 1152, Time: 00:05:01

Health: 0/19       AC:  2    Str:  5    XL:     3   Next: 7%
Magic:  10/10      EV: 13    Int: 20    God:
Gold:   80         SH:  0    Dex: 15    Spells: 5/9 levels left

rFire    . . .     SeeInvis .   h - +0 club
rCold    . . .     Gourm    .   (no shield)
rNeg     . . .     Faith    .   a - +0 robe
rPois    .         Spirit   .   (no helmet)
rElec    .         Reflect  .   (no cloak)
rCorr    .         Harm     .   (no gloves)
MR       .....                  (no boots)
Stlth    ++........             (no amulet)
HPRegen  0.06/turn              (no ring)
MPRegen  0.12/turn              (no ring)

@: no status effects
A: no striking features
a: no special abilities


You were on level 2 of the Dungeon.
You were hungry.

You visited 1 branch of the dungeon, and saw 2 of its levels.

You collected 80 gold pieces.

Inventory:

Hand Weapons
 h - a +0 club (weapon)
Armour
 a - a +0 robe (worn)
Scrolls
 d - a scroll of fog {unknown}
 f - 2 scrolls of identify {unknown}
 g - a scroll of immolation {unknown}
 i - 2 scrolls of blinking {unknown}
 j - a scroll of noise {unknown}
 l - 2 scrolls of amnesia {unknown}
Potions
 e - 2 potions of berserk rage {unknown}
 k - a potion of agility {unknown}
Books
 b - a book of Flames

   Spells                             Type                      Level
   a - Flame Tongue                   Conjuration/Fire             1
   b - Throw Flame                    Conjuration/Fire             2
   c - Conjure Flame                  Conjuration/Fire             3
   d - Inner Flame                    Hexes/Fire                   3
   e - Sticky Flame                   Conjuration/Fire             4
   f - Fireball                       Conjuration/Fire             5
Comestibles
 c - 4 rations


   Skills:
 - Level 2.4 Dodging
 - Level 2.4 Stealth
 + Level 3.9 Spellcasting
 + Level 1.5 Conjurations
 + Level 4.0 Fire Magic


You had 5 spell levels left.
You knew the following spells:

 Your Spells              Type           Power        Failure   Level  Hunger
a - Flame Tongue          Conj/Fire      ###..        4%          1    None
b - Conjure Flame         Conj/Fire      ###.....     12%         3    ###....


Dungeon Overview and Level Annotations

Branches:
Dungeon (2/15)

Altars:


Message History

You hit the crimson imp.
The crimson imp is lightly wounded.
The crimson imp hits you with a club.
* * * LOW HITPOINT WARNING * * *
You closely miss the crimson imp.
The crimson imp is lightly wounded.
The crimson imp hits you with a club.
* * * LOW HITPOINT WARNING * * *
You hit the crimson imp but do no damage.
The crimson imp closely misses you.
You barely miss the crimson imp. The crimson imp closely misses you.
The crimson imp hits you with a club.
* * * LOW HITPOINT WARNING * * *
You miss the crimson imp. The crimson imp closely misses you.
You hit the crimson imp but do no damage.
The crimson imp hits you with a club.
* * * LOW HITPOINT WARNING * * *
You hit the crimson imp but do no damage.
The crimson imp hits you with a club.
You die...

# #... #. ...........
##. .... .5 #.......##
... #... . .######..#
##.##..#.# #.## #..#
#...#..#†####... #..#
#........##...#.#####..#
#.!# #.............#
#..###..########...#
##(.5@......# #...#
#........##.#####...##
#..####.###.<.........
#.. #.# #######...#. #..
#.# #.###. #.. #.# #.#
#.. #.# #.# #.# #.# #.#
#.. ..#


You could see a crimson imp.

Vanquished Creatures
  2 dart slugs (D:1)
  3 giant cockroaches (D:1)
  5 goblins (D:1)
  2 hobgoblins
  2 kobolds (D:1)
  A quokka (D:2)
  3 bats (D:1)
  2 frilled lizards (D:1)
  6 rats (D:1)
26 creatures vanquished.

Notes
Turn   | Place    | Note
-------+----------+-------------------------------------------
     0 | D:1      | lotte the Deep Elf Fire Elementalist began the quest for the Orb.
     0 | D:1      | Reached XP level 1. HP: 10/10 MP: 6/6
   163 | D:1      | Reached XP level 2. HP: 15/15 MP: 5/8
   631 | D:1      | Reached skill level 4 in Fire Magic
   670 | D:1      | Reached XP level 3. HP: 19/19 MP: 5/10
   920 | D:2      | Learned a level 3 spell: Conjure Flame
  1152 | D:2      | Slain by a crimson imp

Skill      XL: |  1  2 |
---------------+-------+-----
Fire Magic     | 4 |  4.0
Dodging        | |  2.4
Stealth        | |  2.4
Spellcasting   | |  3.9
Conjurations   | |  1.5

Action                   || total
-------------------------++-------
Melee: Club              ||    16
 Cast: Flame Tongue      ||    39
Armor: Robe              ||     2
Dodge: Dodged            ||    14
